 Dungeon Sprint DCSS version 0.20.1-1-g8b1a95d (webtiles) character file.

981 wojtek the Basher (level 7, -8/78 HPs)
             Began as a Minotaur Fighter on Dec 31, 2017.
             Was a Follower of Trog.
             Mangled by a rust devil (10 damage)
             ... summoned by a kobold demonologist
             ... in the Dungeon (Sprint I: "Red Sonja").
             The game lasted 00:01:06 (791 turns).

wojtek the Basher (Minotaur Fighter)                 Turns: 791, Time: 00:01:07

Health: -8/78      AC:  0    Str: 23    XL:     7   Next: 96%
Magic:  6/6        EV: 11    Int:  5    God:    Trog [*.....]
Gold:   405        SH: 11    Dex:  9    Spells: 6/6 levels left

rFire    . . .     SeeInvis .   a - +0 flail
rCold    . . .     Gourm    .   c - +0 shield
rNeg     . . .     Faith    .   b - +0 scale mail
rPois    .         Spirit   .   (helmet restricted)
rElec    .         Reflect  .   (no cloak)
rCorr    .         Harm     .   (no gloves)
MR       .....     NoTele   +   (no boots)
Stlth    ..........             (no amulet)
Regen    0.3/turn               (no ring)
MPRegen  0.1/turn               (no ring)

@: lethally poisoned (-8 -> -11), corroded
A: retaliatory headbutt, horns 2, robust 1
a: Berserk, Burn Spellbooks, Renounce Religion


You were in the Dungeon.
You worshipped Trog.
Trog was aware of your devotion.
You were not hungry.

You visited 1 branch You collected 405 gold pieces.

Inventory:

Hand Weapons
 a - a +0 flail (weapon)
Armour
 b - a +0 scale mail (worn)
 c - a +0 shield (worn)
Wands
 l - a wand of flame (16/48)
Scrolls
 k - a scroll of blinking
 o - a scroll of identify {unknown}
Potions
 d - a potion of might
 e - a potion of curing
 g - a potion of heal wounds
 h - a potion of haste
 i - 2 potions of magic
 j - a potion of berserk rage
 m - a potion of cancellation {unknown}
Comestibles
 f - a bread ration
 n - 5 chunks of flesh


   Skills:
 + Level 9.8 Fighting
 * Level 12.7 Maces & Flails
 + Level 9.7 Armour
 + Level 6.5 Dodging
 + Level 8.2 Shields


You had 6 spell levels left.
You didn't know any spells.

Dungeon Overview and Level Annotations

Branches:
Dungeon (1/1)

Altars:
Cheibriados
Dithmenos
Elyvilon
Fedhas
Gozag
Hepliaklqana
Kikubaaqudgha
Makhleb
Nemelex Xobeh
Okawaru
Qazlal
Ru
Sif Muna
Trog
Uskayaw
Vehumet
Xom
Yredelemnul
Zin
The Shining One
Jiyva
Lugonu

Shops:
D :


Innate Abilities, Weirdness & Mutations

You reflexively headbutt those who attack you in melee.
You have a pair of horns on your head.
You are robust. (+10% HP)


Message History

* * * LOW HITPOINT WARNING * * *
The smoke demon hits you.
* * * LOW HITPOINT WARNING * * *
The smoke demon hits you.
* * * LOW HITPOINT WARNING * * *
You block the rust devil's attack.
The kobold demonologist gestures wildly while chanting.
Your shield and scale mail prevent you from hitting the kobold demonologist.
The kobold demonologist is heavily wounded.
You block the smoke demon's attack. The smoke demon closely misses you.
You block the smoke demon's attack. The rust devil completely misses you.
The kobold demonologist hits you with an enchanted dagger.
* * * LOW HITPOINT WARNING * * *
Unknown command.
You hit the kobold demonologist but do no damage.
The kobold demonologist is heavily wounded.
You feel sick. You block the smoke demon's attack. The smoke demon hits you.
* * * LOW HITPOINT WARNING * * *
The smoke demon closely misses you. The rust devil hits you!
You die...

#####################
.)..#..'..#__#.4@33.#
.#..').#..'..'..#K5.#
###'#####'#__####.5.+
##..#...#[#### ####
_####..##.#
____##'#..+
.∩...'..._#
..__##_.#'#
____###+#)#


You could see a rust devil, a kobold demonologist, a smoke demon, a neqoxec, a
quasit and a crimson imp.

Vanquished Creatures
  A kobold demonologist (D)
  A slime creature (D)
  Sigmund (D)
  A yak (D)
  A floating eye (D)
  An ogre (D)
  A jelly (D)
  Ijyb (D)
8 creatures vanquished.

Notes
Turn   | Place    | Note
-------+----------+-------------------------------------------
     0 | D        | wojtek the Minotaur Fighter began the quest for the Orb.
     0 | D        | Reached XP level 1. HP: 19/19 MP: 0/0
     1 | D        | Noticed Ijyb
     8 | D        | Killed Ijyb
     8 | D        | Reached skill level 5 in Maces & Flails
     8 | D        | Reached XP level 2. HP: 6/28 MP: 1/1
   245 | D        | Noticed an ogre
   253 | D        | Killed an ogre
   253 | D        | Reached skill level 8 in Maces & Flails
   253 | D        | Reached XP level 3. HP: 5/38 MP: 2/2
   253 | D        | Reached XP level 4. HP: 6/45 MP: 3/3
   512 | D        | Noticed Sigmund
   520 | D        | Killed Sigmund
   520 | D        | Reached skill level 9 in Maces & Flails
   520 | D        | Reached skill level 5 in Shields
   520 | D        | Reached XP level 5. HP: 42/53 MP: 4/4
   563 | D        | Found a burning altar of Makhleb.
   563 | D        | Found a viscous altar of Jiyva.
   563 | D        | Found a shimmering altar of Xom.
   563 | D        | Found a corrupted altar of Lugonu.
   563 | D        | Noticed a slime creature
   572 | D        | Killed a slime creature
   572 | D        | Reached skill level 11 in Maces & Flails
   572 | D        | Reached XP level 6. HP: 44/62 MP: 5/5
   662 | D        | Found a deep blue altar of Sif Muna.
   664 | D        | Found a radiant altar of Vehumet.
   666 | D        | Reached skill level 5 in Dodging
   689 | D        | Found Qerol's Book Emporium.
   689 | D        | Found an ancient bone altar of Kikubaaqudgha.
   689 | D        | Found a hazy altar of Hepliaklqana.
   689 | D        | Found a stormy altar of Qazlal.
   689 | D        | Found a hide-covered altar of Uskayaw.
   689 | D        | Found a blossoming altar of Fedhas.
   689 | D        | Found a bloodstained altar of Trog.
   689 | D        | Found an iron altar of Okawaru.
   689 | D        | Found a basalt altar of Yredelemnul.
   689 | D        | Found a glowing golden altar of the Shining One.
   689 | D        | Found a snail-covered altar of Cheibriados.
   689 | D        | Found a sacrificial altar of Ru.
   689 | D        | Found a glowing silver altar of Zin.
   689 | D        | Found a shadowy altar of Dithmenos.
   689 | D        | Found a white marble altar of Elyvilon.
   689 | D        | Noticed a yak
   694 | D        | Killed a yak
   694 | D        | Reached XP level 7. HP: 57/70 MP: 6/6
   695 | D        | Found an opulent altar of Gozag.
   698 | D        | Found a sparkling altar of Nemelex Xobeh.
   702 | D        | Became a worshipper of Trog the Wrathful
   763 | D        | Noticed a kobold demonologist
   764 | D        | Noticed a kobold demonologist
   767 | D        | Paralysed by a floating eye for 4 turns
   770 | D        | Noticed a neqoxec
   772 | D        | Reached skill level 12 in Maces & Flails
   775 | D        | Noticed a smoke demon
   776 | D        | Noticed an orange demon
   776 | D        | Gained mutation: You are robust. (+10% HP) [a neqoxec]
   779 | D        | Noticed a smoke demon
   781 | D        | Noticed a rust devil
   782 | D        | Noticed a neqoxec
   782 | D        | Killed a kobold demonologist
   782 | D        | Reached * piety under Trog
   791 | D        | HP: 2/78 [smoke demon[a kobold demonologist] (3)]
   791 | D        | Mangled by a rust devil

Skill      XL: |  1  2  3  4  5  6  7 |
---------------+----------------------+-----
Fighting       | 4 6 7 8 9 |  9.8
Maces & Flails | 5 8 9 11 12 | 12.7
Armour         | 4 6 7 8 9 |  9.7
Dodging        | 3 4 5 6 |  6.5
Shields        | 5 6 7 8 |  8.2

Action                   |  1- 3 |  4- 6 |  7- 9 || total
-------------------------+-------+-------+-------++-------
Melee: Flail             |    13 |    22 |    23 ||    58
       Headbutt          |     3 |     6 |     3 ||    12
Armor: Scale mail        |     1 |     1 |     5 ||     7
Dodge: Dodged            |     5 |     4 |    14 ||    23
Block: Shield            |       |     5 |    12 ||    17
